AoeStats
← 297539664

Fortress

509326047Analyzed
4v4 RM · 6d ago on Sep 26, 2026· 40m 42s· 8 players
Game mode
Random Map
Map size
Huge
Population
200
Speed
Normal
Resources
Standard
Victory
Conquest
Starting age
Dark Age
Ending age
Imperial Age
RankedLock teamsTeams togetherTeam positionsShared explorationLock speedFull tech treeHidden civsTurbo modeCheats
Victory
Defeat
🇺🇸 Danes · United States
1616
+13
🇩🇪 Hindustanis · Germany
1517
+17
🇪🇨 Bohemians · Ecuador
1473
+19
🇨🇱 Chinese · Chile
1404
+21
🇦🇷 Saxons · Argentina
1616
-21
🇨🇳 Khmer · China
1550
-18
🇦🇺 Poles · Australia
1496
-16
🇨🇳 Ethiopians · China
1474
-15
中药人
6:50 Feudal Age
9:59 Castle Age
8:15 Double-Bit Axe
8:43 Horse Collar
11:06 Bow Saw
16:28 Wheelbarrow
16:27 Heavy Plow
17:45 Gold Mining
19:31 Gold Shaft Mining
20:35 Loom
24:16 Imperial Age
22:12 Bloodlines
22:02 Husbandry
22:41 Hand Cart
23:22 Town Watch
23:41 Stone Mining
25:00 Scale Barding Armor
25:06 Forging
26:07 Chain Barding Armor
26:47 Conscription
26:27 Tusk Swords
27:14 Iron Casting
26:56 Elite Battle Elephant
29:47 Plate Barding Armor
30:14 Blast Furnace
31:09 Crop Rotation
31:36 Fletching
33:22 Light Cavalry
34:58 Caravan
35:42 Hussar
Josephine Explosiphine
6:50 Feudal Age
10:40 Castle Age
8:51 Double-Bit Axe
9:22 Horse Collar
12:07 Bow Saw
18:40 Wheelbarrow
21:02 Heavy Plow
21:05 Loom
21:43 Szlachta Privileges
22:24 Hand Cart
22:15 Gold Mining
22:38 Forging
22:34 Scale Barding Armor
26:08 Imperial Age
24:44 Iron Casting
24:30 Chain Barding Armor
24:36 Bloodlines
24:30 Husbandry
26:14 Cavalier
28:13 Blast Furnace
27:23 Light Cavalry
28:25 Chain Barding Armor
28:14 Stone Mining
29:29 Chemistry
28:15 Elite Obuch
29:15 Conscription
30:45 Scale Mail Armor
30:48 Squires
30:33 Arson
30:51 Fletching
32:00 Chain Mail Armor
34:03 Plate Mail Armor
34:03 Winged Hussar
297539664
7:30 Feudal Age
8:47 Double-Bit Axe
11:06 Castle Age
9:48 Horse Collar
12:40 Bow Saw
13:04 Heavy Plow
27:26 Wheelbarrow
30:17 Imperial Age
28:01 Padded Archer Armor
28:03 Crossbowman
29:23 Leather Archer Armor
28:59 Fletching
29:36 Thumb Ring
30:23 Fortified Wall
30:40 Hand Cart
32:02 Chemistry
32:09 Arbalester
32:47 Bodkin Arrow
风骚的女农民
6:48 Feudal Age
8:50 Double-Bit Axe
11:14 Castle Age
10:42 Horse Collar
12:56 Bow Saw
14:44 Loom
18:21 Fletching
19:21 Forging
19:11 Scale Mail Armor
19:52 Bodkin Arrow
27:38 Scale Mail Armor
28:14 Iron Casting
31:56 Chain Mail Armor
35:24 Wheelbarrow
b4ron1
6:58 Feudal Age
11:08 Castle Age
9:03 Double-Bit Axe
10:02 Horse Collar
11:06 Loom
13:12 Bow Saw
18:55 Wheelbarrow
18:40 Heavy Plow
20:25 Gold Mining
24:03 Imperial Age
21:53 Scale Barding Armor
21:58 Forging
22:42 Husbandry
22:53 Bloodlines
23:29 Forging
24:18 Chain Barding Armor
24:11 Heavy Camel Rider
25:16 Conscription
26:11 Grand Trunk Road
26:54 Plate Barding Armor
27:45 Iron Casting
27:38 Imperial Camel Rider
29:46 Two-Man Saw
30:19 Coinage
32:16 Blast Furnace
31:07 Fletching
31:01 Light Cavalry
32:49 Chemistry
32:00 Masonry
32:34 Banking
31:47 Hussar
34:10 Ballistics
35:31 Two-Man Saw
38:14 Scale Mail Armor
40:15 Chain Mail Armor
Maty
2:58 Loom
7:54 Feudal Age
11:43 Castle Age
9:57 Double-Bit Axe
9:57 Horse Collar
12:40 Bow Saw
12:48 Heavy Plow
20:21 Wheelbarrow
20:55 Loom
21:26 Hand Cart
20:57 Town Watch
25:30 Imperial Age
25:38 Chemistry
24:59 Ballistics
24:51 Masonry
25:23 Scale Mail Armor
25:34 Forging
26:12 Coinage
25:28 Pikeman
26:08 Squires
26:14 Halberdier
29:24 Iron Casting
29:05 Chain Mail Armor
30:10 Conscription
30:46 Guilds
34:15 Houfnice
35:39 Siege Engineers
36:04 Architecture
37:24 Plate Mail Armor
37:55 Blast Furnace
40:53 Two-Man Saw
39:43 Arrowslits
39:59 Padded Archer Armor
39:50 Fletching
DS_Gabo
7:01 Feudal Age
11:01 Castle Age
9:04 Double-Bit Axe
9:12 Horse Collar
10:24 Scale Mail Armor
12:01 Gold Mining
12:33 Squires
12:19 Arson
12:46 Gambesons
13:41 Loom
15:36 Chain Mail Armor
18:52 Wheelbarrow
20:21 Forging
22:45 Iron Casting
23:41 Stone Mining
25:17 Bow Saw
28:56 Hamask
36:10 Hand Cart
Hennessy
0:41 Loom
7:35 Feudal Age
11:24 Castle Age
9:25 Double-Bit Axe
9:38 Horse Collar
10:10 Fletching
12:23 Bow Saw
13:14 Bodkin Arrow
13:28 Town Watch
15:01 Gold Mining
19:11 Wheelbarrow
20:07 Town Patrol
23:12 Hand Cart
27:47 Imperial Age
24:47 Pikeman
26:17 Scale Mail Armor
26:27 Forging
26:45 Padded Archer Armor
27:21 Squires
28:05 Ballistics
28:01 Chain Mail Armor
28:38 Bracer
29:28 Iron Casting
28:43 Halberdier
30:02 Conscription
30:31 Masonry
32:30 Plate Mail Armor
32:54 Leather Archer Armor
35:54 Two-Man Saw
34:56 Heavy Plow
36:02 Architecture
37:20 Chemistry
38:19 Ring Archer Armor
39:17 Blast Furnace
40:03 Rocketry
Connection lost

Rejoining the realm…

Still unreachable

The connection could not be restored.

Session expired

The server has moved on; the page needs a fresh start.